 Dungeon Crawl Stone Soup version 0.31-a0-354-g827e0957a7 (webtiles) character file.

Game seed: 9378473847750957684

477 drugrobin the Sneak (level 6, 0/51 HPs)
             Began as a Demigod Delver on July 24, 2023.
             Slain by a mummy (11 damage)
             ... in an ossuary.
             The game lasted 00:16:47 (4854 turns).

drugrobin the Sneak (Demigod Delver)                Turns: 4854, Time: 00:16:47

Health: 0/51       AC: 11    Str: 19    XL:     6   Next: 54%
Magic:  23/24      EV: 11    Int: 14    God:
Gold:   278        SH:  0    Dex: 15    Spells: 2/13 levels left

rFire   . . .        a - +0 flail
rCold   + + .        (no shield)
rNeg    . . .        p - +1 ring mail of Qoqot {rC++ Str-2 Int+2}
rPois   .            E - +0 helmet
rElec   .            w - +0 cloak
rCorr   .            C - +2 pair of gloves
SInv    .            (no boots)
Will    .....        (no amulet)
Stlth   ++           j - ring of magical power
HPRegen 0.28/turn    G - ring of wizardry
MPRegen 0.19/turn

%: wizardry (x1)
@: no status effects
A: high MP 1, forlorn, divine attributes
a: no special abilities


You were in an ossuary.
You visited 1 branch of the dungeon, and saw 6 of its levels.
You also visited: Ossuary.

You collected 278 gold pieces.

Inventory:

Hand Weapons
 a - a +0 flail (weapon)
 i - a +0 mace
Missiles
 m - 11 poisoned darts
 t - 3 javelins
 I - a boomerang (quivered)
Armour
 p - the +1 ring mail of Qoqot (worn) {rC++ Str-2 Int+2}
   (You found it on level 3 of the Dungeon)

   Str:       It affects your strength (-2).
   Int:       It affects your intelligence (+2).
   rC:        It greatly protects you from cold.
 s - +0 fire dragon scales
 w - a +0 cloak (worn)
 C - a +2 pair of gloves (worn)
 E - a +0 helmet (worn)
 H - a +0 kite shield
Magical Staves
 u - a staff of fire
Jewellery
 j - a ring of magical power (left hand)
 G - a ring of wizardry (right hand)
Talismans
 f - a beast talisman
Wands
 g - a wand of digging (2)
Scrolls
 b - 3 scrolls of blinking
 c - a scroll of fog
 d - 3 scrolls of revelation
 h - 2 scrolls of poison
 k - a scroll of silence
 n - a scroll of vulnerability
 x - a scroll of enchant weapon
 y - a scroll of enchant armour
 B - 3 scrolls of teleportation
 D - a scroll of acquirement {unknown}
Potions
 e - a potion of mutation {unknown}
 l - a potion of might {unknown}
 o - a potion of brilliance {unknown}
 q - 3 potions of curing {unknown}
 r - a potion of haste
 v - a potion of enlightenment {unknown}
 z - a potion of degeneration {unknown}
 A - a potion of heal wounds
 F - a potion of cancellation {unknown}


   Skills:
 + Level 3.1 Fighting
 + Level 4.5 Maces & Flails
 - Level 1.7 Dodging
 - Level 4.5 Stealth
 - Level 4.0 Spellcasting
 - Level 1.0 Conjurations


You had 2 spell levels left.
You knew the following spells:

 Your Spells              Type           Power      Damage    Failure   Level
a - Magic Dart            Conj           20%        1d4       9%          1
b - Call Imp              Summ           4%         N/A       21%         2
c - Wereblood             Tmut           2%         N/A       21%         2
d - Mephitic Cloud        Conj/Pois/Air  3%         N/A       32%         3
e - Vhi's Electric Charg  Tloc/Air       4%         N/A       36%         3

Your spell library contained the following spells:

 Spells                   Type           Power      Damage    Failure   Level
 Petrify                  Tmut/Erth      2%         N/A       75%         4
 Arcjolt                  Conj/Air       2%         1d12      95%         5
 Irradiate                Conj/Tmut      2%         3d12      95%         5
 Alistair's Intoxication  Tmut/Pois      1%         N/A       97%         5
 Plasma Beam              Fire/Air       1%         2x1d11    100%        6


Dungeon Overview and Level Annotations

Branches:
Dungeon (6/15)            Ossuary (1/1)
 Temple: D:4-7

Shops:
D:5 =

Annotations:
D:5 exclusion: hornet
D:6 3 runed translucent doors, Edmund; dcgrp's ghost, novice TrSh Ossuary Menkaure


Innate Abilities, Weirdness & Mutations

You have an increased reservoir of magic. (+10% MP)
You shall have no god before yourself.
Your divine heritage dramatically boosts your attributes as you level up.


Message History

The mummy closely misses you.
Unknown command.
Unknown command.
You hit the mummy.
The mummy is severely damaged.
The mummy closely misses you.
Unknown command.
Unknown command.
You closely miss the mummy.
The mummy is severely damaged.
The mummy hits you!
* * * LOW HITPOINT WARNING * * *
Unknown command.
Unknown command.
Unknown command.
Casting: Magic Dart (safe; 9% risk of failure)
Confirm with . or Enter, or press ? or * to list all spells.
Aiming: Magic Dart (safe; 9% risk of failure)
Press: ? - help, Shift-Dir - straight line, f - mummy
Aim: a mummy (severely damaged, 100% to hit)
The magic dart hits the mummy.
The mummy is severely damaged.
Unknown command.
Unknown command.
Casting: Magic Dart (safe; 9% risk of failure)
Confirm with . or Enter, or press ? or * to list all spells.
Aiming: Magic Dart (safe; 9% risk of failure)
Press: ? - help, Shift-Dir - straight line, f/p - mummy
Aim: a mummy (severely damaged, 100% to hit)
The magic dart hits the mummy but does no damage.
The mummy is severely damaged.
Unknown command.
You hit the mummy.
The mummy is severely damaged.
Unknown command.
Unknown command.
You barely miss the mummy.
The mummy is severely damaged.
The mummy hits you!
You die...

##..##M.## ##.. ##..##..## ##.
##..##..## ## ##..##..## #
##..##..## ##..##..## ##^.##..##
##..##..#########################
#..##.........M.@M.........Z.....
..###############################
.................M...............
#################################


You could see 2 mummies.

Vanquished Creatures
  2 scorpions (D:4)
  A bullfrog zombie (D:4)
  2 scorpion zombies (D:4)
  An iguana (D:4)
  2 hound zombies (D:4)
  6 adders
  A shadow imp (D:4)
  3 worms
  13 orcs
  10 ball pythons
  10 endoplasms
  3 giant cockroaches
  4 gnoll zombies (Ossuary)
  9 hobgoblins
  8 jackals
  5 kobolds
  3 quokkas
  7 bats
  3 frilled lizards
  5 gnoll skeletons (Ossuary)
  8 goblins
  3 goblin skeletons (Ossuary)
  6 goblin zombies (Ossuary)
  4 hobgoblin skeletons (Ossuary)
  4 hobgoblin zombies (Ossuary)
  3 kobold skeletons (Ossuary)
  4 kobold zombies (Ossuary)
  2 orc skeletons (Ossuary)
  4 orc zombies (Ossuary)
  7 rats
  6 rat skeletons (Ossuary)
  2 rat zombies (Ossuary)
151 creatures vanquished.

Vanquished Creatures (collateral kills)
  A goblin (D:4)
  A rat skeleton (Ossuary)
2 creatures vanquished.

Grand Total: 153 creatures vanquished

Notes
Turn   | Place    | Note
-------+----------+-------------------------------------------
     0 | D:5      | drugrobin the Demigod Delver began the quest for the Orb.
     0 | D:5      | Reached XP level 1. HP: 18/18 MP: 3/3
     5 | D:5      | Noticed an orc wizard
   164 | D:4      | Noticed a scorpion
   323 | D:4      | Got the Vellum of the Shift
   382 | D:4      | Noticed an iguana
   447 | D:3      | Reached XP level 2. HP: 10/25 MP: 5/5
   581 | D:3      | Identified the +1 ring mail of Qoqot {rC++ Str-2 Int+2}
   607 | D:3      | Reached skill level 1 in Spellcasting
   624 | D:3      | Learned a level 1 spell: Magic Dart
   632 | D:3      | Noticed an eye of devastation
   632 | D:3      | Noticed a shining eye
   638 | D:3      | Noticed a floating eye
  1122 | D:1      | Reached XP level 3. HP: 30/30 MP: 7/7
  1866 | D:1      | Learned a level 2 spell: Call Imp
  1869 | D:1      | Learned a level 2 spell: Wereblood
  2170 | D:2      | Reached XP level 4. HP: 32/37 MP: 10/10
  2633 | D:3      | Noticed a great orb of eyes
  2955 | D:3      | Learned a level 3 spell: Mephitic Cloud
  3175 | D:4      | Reached XP level 5. HP: 28/42 MP: 12/12
  3416 | D:4      | Reached XP level 6. HP: 48/50 MP: 15/15
  4129 | D:5      | Noticed a hornet
  4224 | D:6      | Noticed Edmund
  4229 | D:6      | Found a runed translucent gate.
  4230 | D:6      | Found a runed translucent gate.
  4231 | D:6      | Found a runed translucent gate.
  4233 | D:6      | Noticed dcgrp's ghost (novice TrSh)
  4242 | D:6      | Found a sand-covered staircase.
  4256 | Ossuary  | Entered an ossuary
  4309 | Ossuary  | Learned a level 3 spell: Vhi's Electric Charge
  4377 | Ossuary  | Reached skill level 1 in Conjurations
  4616 | Ossuary  | Noticed Menkaure
  4854 | Ossuary  | Slain by a mummy

Illustrated notes

Levels and vault maps discovered:
D:1:      matt_arrival_los_fun, layout_basic,
          amcnicky_mini_rare_corridor_liquid, due_unseen_surprise
D:2:      minmay_recursive_quarters, layout_basic, nicolae_the_louvre
D:3:      layout_loops_cross, mainiacjoe_overflow_brackets, lemuel_doored_altar,
          hellmonk_ecumenical_altar_watching_god
D:4:      layout_loops_corners, nicolae_yredelemnul_corpse_copse,
          okawaru_metal_pillars_1_2, kennysheep_generic_room_5
D:5:      layout_cave_pools, nemelex_diamond_rough_becter, serial_shops,
          nicolae_shop_bloodbath_and_beyond, shop
D:6:      layout_loops_corners, serial_shops, kennysheep_little_box,
          nicolae_ossuary_entry_ruins, ebering_ghost_rock_garden, uniq_edmund
Ossuary:  ossuary_due_pyramid

Skill      XL: |  1  2  3  4  5  6 |
---------------+-------------------+-----
Maces & Flails | 2 3 4 |  4.5
Spellcasting   | 1 2 3 4 |  4.0
Fighting       | 3 |  3.1
Conjurations   | 1 |  1.0
Dodging        | |  1.7
Stealth        | |  4.5

Action                     |  1- 3 |  4- 6 || total
---------------------------+-------+-------++-------
  Melee: Flail             |   151 |   293 ||   444
         Mace              |     8 |       ||     8
         Punch             |       |     2 ||     2
  Throw: Boomerang         |       |     1 ||     1
   Cast: Magic Dart        |    20 |    27 ||    47
         Call Imp          |     1 |     2 ||     3
         Wereblood         |       |     1 ||     1
         Mephitic Cloud    |       |     2 ||     2
  Evoke: Wand              |     1 |       ||     1
    Use: Scroll            |     7 |     2 ||     9
         Potion            |     1 |     1 ||     2
   Stab: Sleeping          |     9 |     8 ||    17
         Distracted        |       |     1 ||     1
         Confused          |       |     1 ||     1
 Armour: Leather armour    |     6 |       ||     6
         Ring mail         |    68 |   144 ||   212
  Dodge: Dodged            |   105 |   140 ||   245
  Block: Kite shield       |       |     2 ||     2

Table legend: (Time is in decaauts)
 A = Elapsed time spent in this place.
 B = Non-inter-level travel time spent in this place.
 C = Inter-level travel time spent in this place.
 D = Time resting spent in this place.
 E = Time spent auto-exploring this place.
 F = Levels seen in this place.
 G = Mean time per level.
                   A        B        C        D        E       F      G
               +--------+--------+--------+--------+--------+-----+--------+
         Total |   4928 |   4775 |    153 |    179 |   2653 |   7 |  704.0 |
       Dungeon |   4323 |   4170 |    153 |    152 |   2555 |   6 |  720.5 |
       Ossuary |    604 |    604 |      0 |     27 |     98 |   1 |  604.0 |
               +--------+--------+--------+--------+--------+-----+--------+

Top non-repeatable levels by time:
     D:4: 1411 daAuts
     D:1: 1174 daAuts
     D:3: 808 daAuts
     D:2: 734 daAuts
 Ossuary: 604 daAuts
     D:6: 98 daAuts
     D:5: 95 daAuts
